[Event "42nd Olympiad Baku 2016 Open"]
[Site "Baku"]
[Date "2016.09.08"]
[Round "6.4"]
[White "Dzhumaev, Marat"]
[Black "Bilguun, Sumiya"]
[Result "0-1"]
[ECO "B40"]
[WhiteElo "2450"]
[BlackElo "2444"]
[Annotator ""]
[PlyCount "110"]
[EventDate "2016.??.??"]
[EventCountry "AZE"]
[SourceTitle "playchess.com"]
[Source "ChessBase"]
[WhiteTeam "Uzbekistan"]
[BlackTeam "Mongolia"]
[WhiteTeamCountry "UZB"]
[BlackTeamCountry "MGL"]
[TimeControl "40/5400+30:1800+30"]

1. e4 {(00:00} c5 {(00:00} 2. Nf3 {(00:00} e6 {(
00:00} 3. Nc3 {(00:31} a6 {(00:27} 4. g3 {(01:57} b5 {
(01:59} 5. Bg2 {(00:28} Bb7 {(00:13} 6. d3 {(00:
08} d6 {(01:17} 7. O-O {(00:09} Nf6 {(01:02} 8. Bf4 {
(00:59} Nbd7 {(09:05} 9. Re1 {(01:49} e5 {(03:
43} 10. Bg5 {(00:14} g6 {(03:29} 11. a4 {(05:21} b4 {
(02:28} 12. Nd5 {(00:11} h6 {(04:42} 13. Bxf6 {(
06:09} Nxf6 {(00:54} 14. Nxf6+ {(03:14} Qxf6 {(00:10}
15. c3 {(00:05} a5 {(02:55} 16. d4 {(01:47} Bg7 {
(14:32} 17. Nd2 {(13:51} cxd4 {(12:37} 18. cxd4 {
(00:34} O-O {(00:19} 19. d5 {(06:21} h5 {(03:41]
} 20. Rc1 {(01:58} Qd8 {(01:43} 21. Bf1 {(08:56} Bh6 {
(07:51} 22. Rc6 {(01:09} Bxc6 {(04:51} 23. dxc6 {
(00:13} d5 {(00:47} 24. Nb3 {(15:38} d4 {(01:45]
} 25. Qc2 {(04:44} Qd6 {(03:53} 26. Bb5 {(04:53} Rfc8 {
(02:22} 27. Rd1 {(03:06} h4 {(02:43} 28. Kg2 {(
00:36} Bg5 {(00:51} 29. Qc4 {(00:19} Kg7 {(01:32} 30.
f4 {(09:07} exf4 {(00:59} 31. Qxd4+ {(00:45} Qxd4 {
(00:09} 32. Rxd4 {(00:06} fxg3 {(00:57} 33. hxg3 {
(00:21} hxg3 {(00:56} 34. e5 {(03:49} Re8 {(02:
16} 35. Re4 {(03:43} Bd8 {(00:44} 36. Nc5 {(00:54} Bc7
{(00:42} 37. Nd7 {(00:15} Re7 {(00:50} 38. Kxg3 {
(00:57} Rae8 {(04:13} 39. Kf4 {(03:06} f5 {(02:
05} 40. Rc4 {(00:00} Rxe5 {(00:00} 41. Nxe5 {(01:14}
Rxe5 {(01:04} 42. Kf3 {(04:15} g5 {(01:36} 43. Rd4 {
(00:06} Kf6 {(00:39} 44. Rd7 {(11:47} Re7 {(00:
28} 45. Rd1 {(00:16} g4+ {(00:30} 46. Kf2 {(00:05} Rh7
{(02:16} 47. Ke3 {(03:19} Bb6+ {(00:52} 48. Kf4 {
(00:42} Bc7+ {(00:08} 49. Ke3 {(00:03} f4+ {(02:
58} 50. Kd4 {(01:18} g3 {(00:57} 51. Ke4 {(02:46} Re7+
{(00:12} 52. Kf3 {(00:13} Re3+ {(00:08} 53. Kg4 {
(00:17} g2 {(00:57} 54. Rg1 {(00:11} Rg3+ {(00:
13} 55. Kh4 {(00:04} Ke5 0-1

[Event "42nd Olympiad Baku 2016 Open"]
[Site "Baku"]
[Date "2016.09.08"]
[Round "6.7"]
[White "Edouard, Romain"]
[Black "Sosa Trani, Luis"]
[Result "1-0"]
[ECO "E21"]
[WhiteElo "2635"]
[BlackElo "2051"]
[Annotator ""]
[PlyCount "59"]
[EventDate "2016.??.??"]
[EventCountry "AZE"]
[SourceTitle "playchess.com"]
[Source "ChessBase"]
[WhiteTeam "France"]
[BlackTeam "Puerto Rico"]
[WhiteTeamCountry "FRA"]
[BlackTeamCountry "PUR"]
[TimeControl "40/5400+30:1800+30"]

1. d4 {(00:00} Nf6 {(00:00} 2. c4 {(00:00} e6 {(
00:00} 3. Nc3 {(00:00} Bb4 {(00:00} 4. Nf3 {(00:12}
Ne4 {(01:24} 5. Qc2 {(01:44} f5 {(00:21} 6. g3 {
(00:30} O-O {(04:58} 7. Bg2 {(00:05} d5 {(07:29]
} 8. O-O {(00:21} c6 {(00:25} 9. Ne5 {(08:31} Nd7 {
(15:47} 10. Nd3 {(04:47} Bd6 {(03:29} 11. f3 {(
01:33} Nxc3 {(05:25} 12. Qxc3 {(00:42} Qe7 {(01:03}
13. Bf4 {(02:38} Bxf4 {(13:38} 14. Nxf4 {(02:29} dxc4 {
(04:33} 15. Qxc4 {(02:56} Nb6 {(00:18} 16. Qc3 {
(14:15} Nd5 {(01:02} 17. Qd2 {(00:05} e5 {(16:
45} 18. Nxd5 {(00:42} cxd5 {(00:06} 19. dxe5 {(00:05}
Qxe5 {(02:28} 20. f4 {(00:09} Qf6 {(00:49} 21. Bxd5+ {
(02:06} Be6 {(00:38} 22. e4 {(06:37} fxe4 {(04:
49} 23. Bxe4 {(00:32} Rfd8 {(02:50} 24. Qf2 {(00:28}
Bg4 {(05:15} 25. Bg2 {(05:26} Qf5 {(07:52} 26. Rac1 {
(08:44} Rd6 {(00:53} 27. Qc5 {(08:07} Qd7 {(00:
36} 28. f5 {(00:11} Be2 {(00:31} 29. Rfe1 {(00:48} Rd2
{(00:15} 30. Rxe2 {(00:11} 1-0

[Event "42nd Olympiad Baku 2016 Open"]
[Site "Baku"]
[Date "2016.09.08"]
[Round "6.25"]
[White "Eichab, Charles"]
[Black "Yarmonov, Igor"]
[Result "1/2-1/2"]
[ECO "B51"]
[WhiteElo "2070"]
[BlackElo "2398"]
[Annotator ""]
[PlyCount "97"]
[EventDate "2016.??.??"]
[EventCountry "AZE"]
[SourceTitle "playchess.com"]
[Source "ChessBase"]
[WhiteTeam "NAM"]
[BlackTeam "IPCA"]
[WhiteTeamCountry "NAM"]
[BlackTeamCountry "UKR"]
[TimeControl "40/5400+30:1800+30"]

1. e4 {(00:00} c6 {(00:00} 2. d4 {(00:53} d5 {(
00:00} 3. Nd2 {(01:19} dxe4 {(02:10} 4. Nxe4 {(00:08}
Nd7 {(00:33} 5. Ng5 {(00:49} Ngf6 {(00:18} 6. Bd3 {
(01:36} e6 {(02:57} 7. N1f3 {(00:25} Bd6 {(01:
22} 8. Qe2 {(02:25} h6 {(02:14} 9. Ne4 {(01:22} Nxe4 {
(00:48} 10. Qxe4 {(00:07} Qc7 {(00:59} 11. Bd2 {
(02:36} Nf6 {(04:17} 12. Qe2 {(01:06} b6 {(04:
48} 13. c4 {(03:57} c5 {(00:50} 14. Bc3 {(03:29} Bb7 {
(10:26} 15. O-O-O {(10:57} O-O-O {(02:22} 16. Ne5 {
(19:01} Nd5 {(08:32} 17. cxd5 {(15:02} cxd4 {(
00:27} 18. Nxf7 {(00:43} Qxf7 {(07:37} 19. Bxd4 {(03:
36} Bxd5 {(00:32} 20. Be5 {(02:23} Bxe5 {(27:25} 21.
Ba6+ {(04:38} Kb8 {(01:37} 22. Qxe5+ {(02:11} Qc7+ {
(00:19} 23. Qxc7+ {(00:24} Kxc7 {(00:03} 24. b3 {
(01:18} Kc6 {(02:55} 25. Be2 {(00:48} Rc8 {(04:
22} 26. Kb2 {(01:35} Kd6 {(01:24} 27. Bf3 {(01:25} Rc5
{(01:23} 28. Rd2 {(03:50} Rf8 {(01:22} 29. Rhd1 {
(03:12} a5 {(00:57} 30. Re1 {(01:07} b5 {(02:11]
} 31. Re3 {(01:35} Rf5 {(00:54} 32. Rc3 {(06:47} b4 {
(01:33} 33. Rxc5 {(03:28} Kxc5 {(00:32} 34. Rc2+ {
(00:06} Kd6 {(00:32} 35. Rd2 {(00:03} Re5 {(01:
02} 36. Kc2 {(01:08} Re1 {(01:09} 37. Bxd5 {(01:09}
exd5 {(00:23} 38. Rd1 {(01:27} Rxd1 {(02:20} 39. Kxd1 {
(00:08} Ke5 {(00:15} 40. Kd2 {(00:00} Kd4 {(00:
00} 41. Kc2 {(11:30} g5 {(03:00} 42. h3 {(00:20} Ke4 {
(01:19} 43. Kd2 {(00:28} h5 {(04:10} 44. Ke2 {(
02:43} d4 {(01:05} 45. Kd2 {(01:41} d3 {(02:37} 46.
Kd1 {(02:06} Ke5 {(02:48} 47. Kc1 {(00:01} Kd5 {
(02:55} 48. Kd1 {(00:06} Ke4 {(00:58} 49. Ke1 {(
01:44} 1/2-1/2

[Event "42nd Olympiad Baku 2016 Open"]
[Site "Baku"]
[Date "2016.09.08"]
[Round "6.27"]
[White "El Debs, Felipe de Cresce"]
[Black "Ly, Moulthun"]
[Result "1-0"]
[ECO "C44"]
[WhiteElo "2523"]
[BlackElo "2513"]
[Annotator ""]
[PlyCount "93"]
[EventDate "2016.??.??"]
[EventCountry "AZE"]
[SourceTitle "playchess.com"]
[Source "ChessBase"]
[WhiteTeam "Brazil"]
[BlackTeam "Australia"]
[WhiteTeamCountry "BRA"]
[BlackTeamCountry "AUS"]
[TimeControl "40/5400+30:1800+30"]

1. e4 {(00:00} e5 {(01:35} 2. Nf3 {(00:12} Nc6 {
(00:06} 3. d4 {(00:16} exd4 {(00:33} 4. Nxd4 {(
00:10} Nf6 {(01:38} 5. Nxc6 {(00:54} bxc6 {(00:52} 6.
Nc3 {(00:48} Bb4 {(02:10} 7. Bd3 {(00:14} d5 {(
01:24} 8. exd5 {(00:18} O-O {(00:44} 9. O-O {(00:37}
cxd5 {(00:05} 10. h3 {(00:16} c6 {(08:07} 11. Qf3 {
(01:25} Re8 {(04:00} 12. Bf4 {(00:24} Bd6 {(01:
41} 13. Rfe1 {(01:47} Be6 {(00:31} 14. Ne2 {(00:35}
Bxf4 {(02:40} 15. Nxf4 {(00:12} Qd6 {(00:35} 16. Re3 {
(09:03} Bd7 {(01:24} 17. Rae1 {(01:43} Qb4 {(05:
25} 18. Rxe8+ {(02:44} Rxe8 {(01:34} 19. Rxe8+ {(00:40]
} Bxe8 {(00:22} 20. b3 {(04:19} Qe1+ {(01:39} 21. Kh2 {
(00:47} Qe5 {(00:50} 22. Qe3 {(02:16} Qd6 {(05:
32} 23. g3 {(03:35} d4 {(00:50} 24. Qf3 {(06:29} g6 {
(00:34} 25. Bc4 {(03:06} Bd7 {(02:53} 26. Ne6 {(
03:59} Ng4+ {(05:43} 27. hxg4 {(00:56} Bxe6 {(00:16}
28. Qf6 {(01:38} c5 {(01:31} 29. g5 {(08:17} Qd7 {
(03:59} 30. Bxe6 {(00:21} Qxe6 {(00:30} 31. Qxe6 {
(32:28} fxe6 {(00:30} 32. Kg2 {(01:36} e5 {(01:
11} 33. Kf3 {(00:05} Kf7 {(00:05} 34. Ke4 {(00:02} Ke6
{(00:09} 35. a3 {(07:48} a5 {(01:46} 36. f3 {(
03:17} Kd6 {(04:09} 37. Kd3 {(02:26} a4 {(02:40} 38.
Kc4 {(01:53} axb3 {(00:13} 39. cxb3 {(00:05} Kc6 {
(00:44} 40. b4 {(00:00} cxb4 {(00:00} 41. axb4 {
(01:55} Kc7 {(05:53} 42. f4 {(06:06} Kd6 {(00:
38} 43. b5 {(02:21} exf4 {(00:09} 44. gxf4 {(00:04} d3
{(00:24} 45. Kxd3 {(00:05} Kc5 {(00:19} 46. Ke4 {
(00:11} Kxb5 {(00:35} 47. Ke5 {(00:28} 1-0

[Event "42nd Olympiad Baku 2016 Open"]
[Site "Baku"]
[Date "2016.09.08"]
[Round "6.1"]
[White "Elarbi, Abobker"]
[Black "Ftacnik, Lubomir"]
[Result "0-1"]
[ECO "B51"]
[WhiteElo "2297"]
[BlackElo "2548"]
[Annotator ""]
[PlyCount "59"]
[EventDate "2016.??.??"]
[EventCountry "AZE"]
[SourceTitle "playchess.com"]
[Source "ChessBase"]
[WhiteTeam "Libya"]
[BlackTeam "Slovakia"]
[WhiteTeamCountry "LBY"]
[BlackTeamCountry "SVK"]
[TimeControl "40/5400+30:1800+30"]

1. e4 {(00:00} c5 {(00:00} 2. Nf3 {(00:00} d6 {(
00:00} 3. Bb5+ {(00:00} Nd7 {(00:04} 4. O-O {(00:00}
a6 {(00:32} 5. Bxd7+ {(00:00} Bxd7 {(00:10} 6. d4 {
(00:08} cxd4 {(01:04} 7. Qxd4 {(00:05} e5 {(02:
07} 8. Qd3 {(02:59} h6 {(00:13} 9. c4 {(00:38} b5 {
(04:47} 10. Rd1 {(02:07} bxc4 {(03:21} 11. Qxc4 {
(00:10} Nf6 {(00:38} 12. Nc3 {(00:54} Be7 {(03:
05} 13. Qd3 {(12:40} O-O {(02:40} 14. Nd2 {(04:04} Bg4
{(05:25} 15. f3 {(00:25} Be6 {(00:34} 16. Nc4 {(
00:02} Qc7 {(04:55} 17. Ne3 {(00:28} Rfc8 {(05:28} 18.
Kf1 {(07:31} Qb7 {(15:11} 19. b3 {(01:42} Bd8 {(
08:18} 20. Ba3 {(19:58} Bb6 {(00:29} 21. Rac1 {(00:52}
Bd4 {(06:55} 22. Ke2 {(08:21} Rc6 {(01:51} 23. Rc2 {
(01:04} Rac8 {(04:00} 24. Rdc1 {(00:12} Bxe3 {(
04:56} 25. Kxe3 {(03:20} d5 {(01:13} 26. exd5 {(05:42}
Bxd5 {(01:30} 27. Nxd5 {(12:58} Nxd5+ {(00:07} 28. Kf2
{(07:08} Qb6+ {(00:54} 29. Kg3 {(00:21} Rg6+ {(
00:17} 30. Kh4 {(00:18} 0-1

[Event "42nd Olympiad Baku 2016 Open"]
[Site "Baku"]
[Date "2016.09.08"]
[Round "6.11"]
[White "Ermeni, Avni"]
[Black "Asmar, Elie"]
[Result "1/2-1/2"]
[ECO "E62"]
[WhiteElo "2270"]
[BlackElo "2026"]
[Annotator ""]
[PlyCount "87"]
[EventDate "2016.??.??"]
[EventCountry "AZE"]
[SourceTitle "playchess.com"]
[Source "ChessBase"]
[WhiteTeam "Kosovo"]
[BlackTeam "Lebanon"]
[WhiteTeamCountry "KOS"]
[BlackTeamCountry "LBN"]
[TimeControl "40/5400+30:1800+30"]

1. d4 {(00:00} Nf6 {(00:00} 2. Nf3 {(00:00} g6 {
(00:00} 3. c4 {(00:26} Bg7 {(00:00} 4. g3 {(00:
26} O-O {(00:31} 5. Bg2 {(00:05} d6 {(00:04} 6. Nc3 {
(00:28} Nc6 {(00:44} 7. O-O {(00:07} Bg4 {(00:
33} 8. d5 {(01:21} Na5 {(00:10} 9. Nd2 {(00:06} c5 {
(00:05} 10. h3 {(04:45} Bd7 {(00:07} 11. Qc2 {(
00:06} a6 {(01:00} 12. b3 {(02:06} Rb8 {(01:04} 13.
Rb1 {(02:41} b5 {(01:35} 14. Bb2 {(05:05} e5 {(
03:12} 15. dxe6 {(15:19} Bxe6 {(01:13} 16. Nd5 {(04:58]
} Bxd5 {(14:33} 17. cxd5 {(00:22} c4 {(18:27} 18. b4 {
(06:20} Nb7 {(00:02} 19. e4 {(08:27} Re8 {(06:
12} 20. Rfe1 {(02:33} Qb6 {(02:52} 21. Nf3 {(03:55}
Nd7 {(02:52} 22. Bxg7 {(01:19} Kxg7 {(00:44} 23. Qc3+ {
(00:44} Ne5 {(12:38} 24. Nd4 {(04:35} Nd8 {(06:
59} 25. f4 {(04:53} f6 {(03:32} 26. Kh2 {(00:44} Nd3 {
(02:51} 27. Re3 {(01:19} Rb7 {(08:25} 28. a3 {(
06:57} Rbe7 {(00:32} 29. Rf1 {(02:34} h5 {(04:45} 30.
g4 {(05:42} hxg4 {(01:01} 31. hxg4 Rh8+ {(01:36} 32.
Kg3 {(01:51} Kg8 {(02:47} 33. Nc2 {(07:18} Rf7 {
(02:12} 34. Ref3 {(05:26} Qc7 {(01:59} 35. Qd4 {
(00:24} Qe7 {(00:25} 36. Qb6 {(00:46} f5 {(00:
37} 37. g5 {(00:25} fxe4 {(01:26} 38. R3f2 {(02:19}
Nxf2 {(00:18} 39. Rxf2 {(00:09} Rfh7 {(00:26} 40. Re2 {
(00:00} Qc7 {(00:00} 41. Qxa6 {(03:14} Qd7 {(05:
31} 42. Ne3 {(01:58} Rh3+ {(04:35} 43. Kf2 {(02:30}
R3h4 {(05:39} 44. Kg3 {(01:08} 1/2-1/2

[Event "42nd Olympiad Baku 2016 Open"]
[Site "Baku"]
[Date "2016.09.08"]
[Round "6.10"]
[White "Escobar Forero, Alder"]
[Black "Niraula, Bhupendra"]
[Result "0-1"]
[ECO "B45"]
[WhiteElo "2510"]
[BlackElo "2071"]
[Annotator ""]
[PlyCount "74"]
[EventDate "2016.??.??"]
[EventCountry "AZE"]
[SourceTitle "playchess.com"]
[Source "ChessBase"]
[WhiteTeam "Colombia"]
[BlackTeam "Nepal"]
[WhiteTeamCountry "COL"]
[BlackTeamCountry "NEP"]
[TimeControl "40/5400+30:1800+30"]

1. e4 {(00:00} c5 {(00:00} 2. Nf3 {(00:00} e6 {(
00:01} 3. d4 {(00:00} cxd4 {(00:07} 4. Nxd4 {(00:02}
Nc6 {(00:13} 5. Nc3 {(00:07} Nf6 {(00:55} 6. a3 {
(00:06} Be7 {(02:08} 7. f4 {(06:33} d6 {(01:11}
8. Nf3 {(02:29} a6 {(03:00} 9. Bd3 {(00:23} Qc7 {
(00:58} 10. Qe2 {(03:21} b5 {(02:24} 11. O-O {(
02:16} h5 {(02:35} 12. Bd2 {(14:59} Bb7 {(02:42} 13.
b4 {(03:28} Ng4 {(05:50} 14. Nd1 {(02:32} Qb6+ {
(09:00} 15. Kh1 {(03:41} Bf6 {(07:53} 16. c3 {(
04:07} Rd8 {(09:17} 17. Ra2 {(01:42} d5 {(03:20} 18.
e5 {(03:28} Be7 {(00:22} 19. a4 {(02:27} d4 {(
10:07} 20. axb5 {(01:33} axb5 {(00:34} 21. Bxb5 {(01:
19} dxc3 {(00:23} 22. Nxc3 {(00:26} Bxb4 {(11:52} 23.
Na4 {(10:40} Qa5 {(01:01} 24. Rc1 {(11:18} Bxd2 {
(07:43} 25. Nxd2 {(01:05} Rc8 {(07:31} 26. Nc4 {
(01:19} Qd8 {(00:18} 27. Nd6+ {(01:22} Kf8 {(00:
18} 28. Nxb7 {(04:33} Nd4 {(00:22} 29. Nxd8 {(06:40}
Nxe2 {(00:17} 30. g3 {(03:49} Rxc1+ {(03:03} 31. Kg2 {
(00:01} Rg1+ {(00:11} 32. Kh3 {(00:40} Nf2+ {(
00:21} 33. Kh4 {(00:06} Rh1 {(00:39} 34. Rxe2 {(02:41}
Rxh2+ {(00:17} 35. Kg5 {(00:01} Nh3+ {(01:49} 36. Kh4 {
(00:03} g5+ {(00:11} 37. fxg5 {(00:11} Nf2# {(
00:05} 0-1

[Event "42nd Olympiad Baku 2016 Open"]
[Site "Baku"]
[Date "2016.09.08"]
[Round "6.16"]
[White "Farley, Terry"]
[Black "Jose Queralto, Daniel"]
[Result "0-1"]
[ECO "C24"]
[WhiteElo "2203"]
[BlackElo "2107"]
[Annotator ""]
[PlyCount "120"]
[EventDate "2016.??.??"]
[EventCountry "AZE"]
[SourceTitle "playchess.com"]
[Source "ChessBase"]
[WhiteTeam "Barbados"]
[BlackTeam "Andorra"]
[WhiteTeamCountry "BAR"]
[BlackTeamCountry "AND"]
[TimeControl "40/5400+30:1800+30"]

1. e4 {(00:00} e5 {(00:00} 2. Bc4 {(00:00} Nf6 {
(00:00} 3. d4 {(00:01} exd4 {(19:47} 4. Nf3 {(
00:33} Bb4+ {(00:13} 5. c3 {(00:10} dxc3 {(04:12} 6.
O-O {(14:15} O-O {(07:12} 7. bxc3 {(00:25} Ba5 {
(01:12} 8. e5 {(05:54} d5 {(02:42} 9. Bb3 {(05:
19} Ne4 {(01:37} 10. Bxd5 {(05:38} Nxc3 {(02:03} 11.
Nxc3 {(01:47} Bxc3 {(00:05} 12. Ba3 {(02:23} Bxa1 {
(05:49} 13. Bxf8 {(06:41} Kxf8 {(03:44} 14. Qb3 {
(00:55} c6 {(08:53} 15. Bxf7 {(01:16} Qe7 {(00:
26} 16. Bg8 {(01:44} Na6 {(02:23} 17. Bxh7 {(23:34}
Be6 {(03:30} 18. Qe3 {(04:30} Bb2 {(00:23} 19. Ng5 {
(00:30} Nc5 {(04:44} 20. Qxc5 {(00:33} Bxa2 {(
12:03} 21. Qc2 {(05:08} Qxe5 {(01:45} 22. Nf3 {(00:43}
Qc3 {(01:26} 23. Qf5+ {(00:44} Qf6 {(00:33} 24. Qc5+ {
(00:07} Qe7 {(00:15} 25. Qc2 {(00:18} Qf6 {(01:
05} 26. Re1 {(12:51} Bd5 {(08:15} 27. Rb1 {(02:30}
Bxf3 {(01:16} 28. gxf3 {(00:09} Re8 {(01:14} 29. Qc5+ {
(03:58} Re7 {(01:59} 30. Qc4 {(00:38} Ke8 {(02:
56} 31. Rd1 {(00:51} Qe6 {(02:09} 32. Bg8 {(01:13}
Qxc4 {(00:36} 33. Bxc4 {(00:11} Bf6 {(01:02} 34. Bd3 {
(00:39} Kd8 {(00:35} 35. Bf5+ {(00:37} Kc7 {(00:
04} 36. f4 {(00:24} c5 {(00:17} 37. Rd5 {(00:13} Bd4 {
(00:10} 38. Bd3 {(00:12} a6 {(00:47} 39. Rf5 {(
00:26} b5 {(00:17} 40. Rf8 {(00:00} c4 {(00:00} 41.
Bf5 {(00:52} Kb6 {(04:12} 42. Rd8 {(00:36} Bc5 {
(00:45} 43. Kf1 {(01:53} Rf7 {(04:20} 44. Be4 {(
00:43} Rxf4 {(00:12} 45. f3 {(00:02} Rf6 {(01:00} 46.
Rd7 {(05:29} Bf8 {(00:17} 47. h3 {(01:20} a5 {(
01:56} 48. Rb7+ {(00:52} Ka6 {(01:28} 49. Ke2 {(00:15}
a4 {(01:36} 50. Kd2 {(00:11} a3 {(04:43} 51. Rb8 {
(00:42} Ka5 {(00:58} 52. Kc2 {(00:50} Bc5 {(01:
26} 53. Rc8 {(02:30} Bd4 {(00:49} 54. Kb1 {(00:15} Rd6
{(01:20} 55. Bc6 {(06:39} Kb4 {(02:01} 56. Be4 {
(02:52} Bf6 {(01:37} 57. Bc2 {(03:32} Rd2 {(00:
17} 58. Ra8 {(00:06} Rg2 {(00:30} 59. Kc1 {(00:20}
Bg5+ {(00:08} 60. Kb1 {(00:33} Rg1+ {(00:26} 0-1

[Event "42nd Olympiad Baku 2016 Open"]
[Site "Baku"]
[Date "2016.09.08"]
[Round "6.4"]
[White "Fekadu, Desalegn Jimma"]
[Black "Sadikin The, Irwanto"]
[Result "1/2-1/2"]
[ECO "D15"]
[WhiteElo "2104"]
[BlackElo "2327"]
[Annotator ""]
[PlyCount "111"]
[EventDate "2016.??.??"]
[EventCountry "AZE"]
[SourceTitle "playchess.com"]
[Source "ChessBase"]
[WhiteTeam "Ethiopia"]
[BlackTeam "Indonesia"]
[WhiteTeamCountry "ETH"]
[BlackTeamCountry "INA"]
[TimeControl "40/5400+30:1800+30"]

1. d4 {(00:00} d5 {(00:00} 2. c4 {(00:00} c6 {(
00:00} 3. Nc3 {(00:04} Nf6 {(00:15} 4. Nf3 {(00:15}
dxc4 {(00:30} 5. e3 {(00:22} e6 {(10:43} 6. Bxc4 {
(00:12} c5 {(00:08} 7. O-O {(00:32} a6 {(00:13}
8. dxc5 {(05:00} Qxd1 {(00:09} 9. Rxd1 {(00:14} Bxc5 {
(00:03} 10. a3 {(00:18} b5 {(00:40} 11. Be2 {(
00:26} Bb7 {(01:46} 12. b4 {(00:20} Be7 {(01:28} 13.
Bb2 {(00:21} O-O {(00:19} 14. Rac1 {(05:25} Nbd7 {
(02:58} 15. Nb1 {(02:27} Rac8 {(01:14} 16. Nbd2 {
(00:21} Bd5 {(08:13} 17. e4 {(09:21} Ba8 {(02:
14} 18. Bd3 {(00:27} Rfd8 {(01:50} 19. Rxc8 {(05:34}
Rxc8 {(00:06} 20. Rc1 {(00:14} Rxc1+ {(00:23} 21. Bxc1
{(00:08} Ng4 {(01:40} 22. Bb2 {(00:46} Bf6 {(03:
29} 23. Bxf6 {(00:35} gxf6 {(00:46} 24. Kf1 {(01:03}
Kf8 {(00:53} 25. Ke2 {(02:55} Ke7 {(00:13} 26. h3 {
(00:35} Nge5 {(00:08} 27. Nxe5 {(03:20} fxe5 {(
00:32} 28. g3 {(02:30} h6 {(00:45} 29. Ke3 {(01:02}
Kd6 {(02:32} 30. Nb3 {(01:19} Bc6 {(01:58} 31. g4 {
(04:40} Nf8 {(01:13} 32. h4 {(01:05} f6 {(03:03]
} 33. h5 {(03:19} Nd7 {(01:11} 34. Nd2 {(05:41} Nf8 {
(09:33} 35. Nb3 {(00:55} Nh7 {(02:11} 36. Nc5 {(
02:23} a5 {(00:29} 37. Be2 {(01:47} axb4 {(00:34} 38.
axb4 {(00:03} Ng5 {(00:14} 39. f3 {(01:12} Nh3 {
(04:51} 40. Nb3 {(00:00} Ng5 {(00:00} 41. Nd2 {(
04:15} Kc7 {(16:15} 42. Nb1 {(05:04} Kb6 {(03:53} 43.
Nc3 {(02:38} Bd7 {(00:31} 44. Nb1 {(08:40} Bc6 {
(00:42} 45. Na3 {(00:24} Nf7 {(00:16} 46. Nc2 {(
00:26} Nd6 {(02:02} 47. Bd3 {(01:13} Nf7 {(01:34} 48.
Ne1 {(00:28} Bd7 {(00:28} 49. Ng2 {(00:13} Nd8 {
(00:57} 50. Kd2 {(03:39} Nf7 {(02:58} 51. Nh4 {(
00:23} Kc7 {(00:49} 52. Ng6 {(00:55} Kd6 {(00:22} 53.
Bc2 {(07:15} Nd8 {(00:53} 54. Kc3 {(02:58} Nc6 {
(00:56} 55. Bd1 {(00:21} Be8 {(03:28} 56. Nh4 {(
01:27} 1/2-1/2

[Event "42nd Olympiad Baku 2016 Open"]
[Site "Baku"]
[Date "2016.09.08"]
[Round "6.1"]
[White "Ferreira, Jorge Viterbo"]
[Black "Salgado Lopez, Ivan"]
[Result "1-0"]
[ECO "D97"]
[WhiteElo "2511"]
[BlackElo "2662"]
[Annotator ""]
[PlyCount "61"]
[EventDate "2016.??.??"]
[EventCountry "AZE"]
[SourceTitle "playchess.com"]
[Source "ChessBase"]
[WhiteTeam "Portugal"]
[BlackTeam "Spain"]
[WhiteTeamCountry "POR"]
[BlackTeamCountry "ESP"]
[TimeControl "40/5400+30:1800+30"]

1. d4 {(00:00} Nf6 {(00:00} 2. c4 {(00:00} g6 {(
00:00} 3. Nc3 {(00:03} d5 {(00:00} 4. Nf3 {(00:16} Bg7
{(00:09} 5. Qb3 {(00:17} dxc4 {(00:39} 6. Qxc4 {
(00:22} O-O {(00:44} 7. e4 {(00:22} a6 {(00:44}
8. Be2 {(01:59} b5 {(00:11} 9. Qb3 {(00:21} Nc6 {
(00:18} 10. e5 {(04:55} Be6 {(00:09} 11. exf6 {(
01:57} Bxb3 {(00:16} 12. fxg7 {(00:12} Kxg7 {(00:12}
13. axb3 {(00:15} Nxd4 {(00:27} 14. Nxd4 {(01:04} Qxd4
{(00:07} 15. O-O {(03:25} c6 {(01:46} 16. Bf3 {(
07:57} Rfc8 {(00:51} 17. Re1 {(01:44} e5 {(08:22} 18.
Ne4 {(15:37} f5 {(19:58} 19. Rd1 {(08:35} Qa7 {(
17:47} 20. Be3 {(05:10} Qf7 {(00:25} 21. Nd6 {(06:46}
Qxb3 {(00:07} 22. Nxc8 {(00:24} Rxc8 {(00:05} 23. Rd7+
{(00:37} Kf6 {(00:33} 24. Rad1 {(06:36} f4 {(02:
16} 25. R1d6+ {(02:55} Kf5 {(02:37} 26. g4+ {(01:24}
fxg3 {(01:37} 27. hxg3 {(01:10} h5 {(00:17} 28. Bd1 {
(02:38} Qg8 {(01:10} 29. Re7 {(03:15} e4 {(05:
43} 30. f3 {(00:50} exf3 {(00:32} 31. Bc2+ {(00:13}
1-0

[Event "42nd Olympiad Baku 2016 Open"]
[Site "Baku"]
[Date "2016.09.08"]
[Round "6.22"]
[White "Fidow, Kassim Hassan"]
[Black "Tologontegin, Semetey"]
[Result "0-1"]
[ECO "B06"]
[WhiteElo "1567"]
[BlackElo "2350"]
[Annotator ""]
[PlyCount "86"]
[EventDate "2016.??.??"]
[EventCountry "AZE"]
[SourceTitle "playchess.com"]
[Source "ChessBase"]
[WhiteTeam "Somalia"]
[BlackTeam "Kyrgyzstan"]
[WhiteTeamCountry "SOM"]
[BlackTeamCountry "KGZ"]
[TimeControl "40/5400+30:1800+30"]

1. e4 {(00:06} g6 {(00:18} 2. d4 {(00:42} Bg7 {(
01:03} 3. Nf3 {(02:37} d6 {(01:24} 4. h3 {(00:22} Nf6
{(01:34} 5. Bd3 {(00:21} O-O {(02:09} 6. O-O {(
00:08} c5 {(03:40} 7. d5 {(02:36} c4 {(12:05} 8. Bxc4
{(02:54} Nxe4 {(04:36} 9. Nbd2 {(00:14} Nf6 {(
08:02} 10. Rb1 {(03:32} Nbd7 {(00:26} 11. Bb3 {(01:37}
Nb6 {(15:10} 12. c4 {(01:00} Qc7 {(00:07} 13. g4 {
(17:22} h5 {(03:57} 14. Nh2 {(01:42} hxg4 {(00:
41} 15. hxg4 {(00:20} e6 {(01:40} 16. g5 {(08:28} Nh5
{(11:41} 17. Qe2 {(16:19} exd5 {(02:20} 18. cxd5 {
(01:55} Bf5 {(00:41} 19. Ra1 {(01:15} Rfe8 {(16:
10} 20. Qf3 {(06:03} Rac8 {(00:33} 21. Ng4 {(02:13}
Qe7 {(00:47} 22. Nh6+ {(01:31} Bxh6 {(00:08} 23. gxh6 {
(00:20} Qh4 {(00:43} 24. Qh1 {(01:25} Bh3 {(00:
46} 25. Qh2 {(06:16} Qg4+ {(01:09} 26. Kh1 {(01:11}
Bxf1 {(00:14} 27. Nxf1 {(00:01} Re1 {(00:30} 28. Qg2 {
(01:10} Qxg2+ {(00:53} 29. Kxg2 {(06:17} Rcxc1 {
(00:39} 30. Rxc1 {(00:45} Rxc1 {(00:04} 31. Ne3 {
(00:49} Kh7 {(00:28} 32. Ng4 f5 33. Ne3 {(01:23} Kxh6 {
(00:36} 34. a4 {(00:07} a5 {(00:05} 35. Kf3 {(
00:25} Kg5 {(00:09} 36. Nc2 {(00:47} Rb1 {(00:38} 37.
Nd4 {(01:11} Rxb2 {(00:17} 38. Ke3 {(00:41} Kf6 {
(00:14} 39. f4 {(00:15} Ng3 {(00:26} 40. Kd3 {(
00:22} Ne4 {(00:15} 41. Ke3 {(01:09} Nc5 {(00:16} 42.
Bd1 {(00:30} Nxd5+ {(00:10} 43. Kf3 {(00:46} Rd2 {
(00:09} 0-1